 Dungeon Crawl Stone Soup version 0.24.0-2-g5b39cebb1c (webtiles) character file.

Game seed: 5148118711711210337, levelgen mode: deterministic

129 Esekla the Skirmisher (level 4, 0/31 HPs)
             Began as a Vampire Abyssal Knight on Oct 30, 2019.
             Was a Follower of Lugonu.
             Slain by a centaur zombie (4 damage)
             ... on level 4 of the Dungeon.
             The game lasted 00:52:59 (6175 turns).

Esekla the Skirmisher (Vampire Abyssal Knight)      Turns: 6175, Time: 00:52:59

Health: 0/31       AC:  6    Str:  9 (11) XL:     4   Next: 88%
Magic:  5/5        EV: 12    Int: 14      God:    Lugonu [*.....]
Gold:   324        SH:  0    Dex: 13 (14) Spells: 1/5 levels left

rFire    . . .     SeeInvis +   a - +1 falchion
rCold    . . .     Gourm    .   (no shield)
rNeg     + . .     Faith    .   b - +0 leather armour
rPois    +         Spirit   .   (no helmet)
rElec    .         Reflect  .   t - +0 cloak
rCorr    .         Harm     .   w - +0 pair of gloves
MR       .....                  C - +0 pair of boots
Stlth    ++........             E - amulet of the acrobat
HPRegen  0.30/turn              G - ring of poison resistance
MPRegen  0.09/turn              d - ring of positive energy

@: regenerating quickly
A: no food, fangs 3, see invisible, [frail 1], unbreathing
a: Exsanguinate, Depart the Abyss, Renounce Religion


You were on level 4 of the Dungeon.
You worshipped Lugonu.
Lugonu was aware of your devotion.
You were alive.

You visited 2 branches of the dungeon, and saw 7 of its levels.
You visited the Abyss 1 time.

You collected 324 gold pieces.

Inventory:

Hand Weapons
 a - a +1 falchion (weapon)
 h - a +0 short sword
 i - a +1 spear of venom
Missiles
 e - 6 javelins (quivered)
 A - 17 poisoned darts
Armour
 b - a +0 leather armour (worn)
 t - a +0 cloak (worn)
 w - a +0 pair of gloves (worn)
 C - a +0 pair of boots (worn)
Jewellery
 d - a ring of positive energy (right hand)
 s - an uncursed ring of flight
 E - an amulet of the acrobat (around neck)
 G - a ring of poison resistance (left hand)
Wands
 k - a wand of iceblast (6)
 l - a wand of enslavement (2)
 u - a wand of acid (6)
Scrolls
 c - a scroll of identify
 f - 2 scrolls of amnesia {unknown}
 g - 2 scrolls of fog
 j - 2 scrolls of remove curse
 o - 2 scrolls of enchant weapon {unknown}
 r - 2 scrolls of magic mapping {unknown}
 y - 3 scrolls of teleportation {unknown}
 z - a scroll of noise {unknown}
 B - a scroll of enchant armour {unknown}
 D - a scroll of fear {unknown}
Potions
 m - 2 potions of curing
 n - 2 potions of berserk rage
 p - 2 potions of haste
 q - 3 potions of heal wounds
 v - 2 potions of lignification
 x - a potion of brilliance
 F - a potion of might


   Skills:
 - Level 3.3 Fighting
 * Level 3.0 Long Blades
 + Level 1.2 Armour
 + Level 2.7 Dodging
 + Level 1.7 Stealth
 * Level 1.0 Spellcasting
 * Level 0.8 Summonings
 * Level 0.5 Air Magic
 * Level 1.9 Invocations


You had one spell level left.
You knew the following spells:

 Your Spells              Type           Power        Failure   Level  Hunger
a - Summon Lightning Spi  Summ/Air       #.......     95%         4    N/A

Your spell library contained the following spells:

 Spells                   Type           Power        Failure   Level  Hunger
 Summon Small Mammal      Summ           #...         26%         1    N/A
 Beastly Appendage        Tmut           #.....       34%         1    N/A
 Call Imp                 Summ           #.......     36%         2    N/A
 Sticks to Snakes         Tmut           #.......     47%         2    N/A
 Call Canine Familiar     Summ           #.......     58%         3    N/A
 Summon Guardian Golem    Hex/Summ       #.......     65%         3    N/A
 Spider Form              Tmut/Pois      #.........   71%         3    N/A
 Summon Ice Beast         Ice/Summ       #.......     96%         4    N/A
 Ice Form                 Ice/Tmut       #.......     98%         4    N/A
 Blade Hands              Tmut           #.........   100%        5    N/A

Dungeon Overview and Level Annotations

Branches:
Dungeon (6/15)             Temple (1/1) D:5

Altars:
Hepliaklqana
Nemelex Xobeh
Sif Muna

Annotations:
D:5 3 runed translucent doors, DevastatorOne's ghost, novice MiBe; Dowan; Duvessa; Grinder; kelthazard45's ghost, amateur DrCj


Innate Abilities, Weirdness & Mutations

You do not eat.
Your natural rate of healing is unusually fast.
You have razor-sharp teeth.
You have supernaturally acute eyesight. (SInv)
You can survive without breathing.
[You are frail. (-10% HP)]


Message History

The centaur zombie is lightly damaged.
The centaur zombie completely misses you.
You riposte.
You hit the centaur zombie.
The centaur zombie is moderately damaged.
You hit the centaur zombie but do no damage.
The centaur zombie is moderately damaged.
The centaur zombie hits you!
You hit the centaur zombie.
The centaur zombie is moderately damaged.
The centaur zombie hits you. x2
You hit the centaur zombie.
The centaur zombie is heavily damaged.
The centaur zombie hits you.
* * * LOW HITPOINT WARNING * * *
You hit the centaur zombie.
The centaur zombie is heavily damaged.
The centaur zombie hits you.
* * * LOW HITPOINT WARNING * * *
The centaur zombie hits you.
You die...

#.......##.....##....#.........[.
#.......#.......#....#.....<.....
#.......##......#....##...#######
#.......##......#....##...## #
#.......##....Z##....#.....# #
#)......##.....##....'.....# +
#..............####'###....# #
#.<.Z...##.(...##..(.##....# #
##########....ZZ@..........#
#.......##.....##..........#
#.......##.....##..........#
#.......#......##....##...##
###'######.....#####'##...#
#.......##......#....>#....#
#........'.....[#.....#....#
#........#......#.....#..Z.#
#........#......#.....#....#


You could see a centaur zombie and a leopard gecko skeleton.

Vanquished Creatures
  A quasit (Abyss:1)
  A bullfrog skeleton (D:4)
  An adder (D:2)
  A worm (D:2)
  A dart slug (D:2)
  3 leopard geckos
  2 orcs
  8 bats
  4 giant cockroaches
  5 goblins
  3 hobgoblins
  2 jackals (D:1)
  A quokka (D:3)
  A ball python (D:4)
  7 kobolds
  A quokka skeleton (D:2)
  12 rats
54 creatures vanquished.

Vanquished Creatures (others)
  A withered plant (D:5)
1 creature vanquished.

Grand Total: 55 creatures vanquished

Notes
Turn   | Place    | Note
-------+----------+-------------------------------------------
     0 | Abyss:1  | Esekla the Vampire Abyssal Knight began the quest for the
                  | Orb.
     0 | Abyss:1  | Reached XP level 1. HP: 17/17 MP: 2/2
    48 | Abyss:1  | Noticed a quasit
    89 | Abyss:1  | Noticed a smoke demon
    95 | Abyss:1  | Killed a quasit
    95 | Abyss:1  | Reached XP level 2. HP: 10/19 MP: 3/3
    95 | Abyss:1  | Reached XP level 3. HP: 12/23 MP: 4/4
   116 | Abyss:1  | Noticed an ancient zyme
   117 | Abyss:1  | Noticed a silent spectre
   124 | Abyss:1  | Noticed a demonic crawler
   128 | Abyss:1  | Noticed an efreet
   141 | Abyss:1  | Noticed a hellwing
   152 | Abyss:1  | Found a corrupted altar of Lugonu.
   245 | Abyss:2  | Noticed a spatial vortex
   258 | Abyss:2  | Found a corrupted altar of Lugonu.
   278 | Abyss:2  | Noticed a spatial maelstrom
   288 | Abyss:2  | Noticed a ynoxinul
   288 | Abyss:2  | Noticed a spatial vortex
   288 | Abyss:2  | Noticed a spatial vortex
   300 | Abyss:2  | Noticed a spatial vortex
   300 | Abyss:2  | Noticed a large abomination
   300 | Abyss:2  | Noticed a spatial vortex
   341 | Abyss:2  | Noticed a ynoxinul
   343 | Abyss:2  | Noticed a spatial maelstrom
   352 | Abyss:2  | Noticed a spatial vortex
   367 | Abyss:2  | Noticed a ynoxinul
   373 | Abyss:2  | Noticed a tentacled starspawn
   385 | Abyss:2  | Noticed a large abomination
   410 | Abyss:2  | Noticed a small abomination
   414 | Abyss:2  | Noticed a wretched star
   437 | Abyss:3  | Noticed a raiju
   437 | Abyss:3  | Noticed a smoke demon
   437 | Abyss:3  | Noticed a raiju
   513 | Abyss:4  | Found a shadowy altar of Dithmenos.
   513 | Abyss:4  | Noticed a flayed ghost
   517 | Abyss:4  | Noticed a smoke demon
   517 | Abyss:4  | Noticed a thrashing horror
   518 | Abyss:4  | Noticed an apocalypse crab
   521 | D:1      | Escaped the Abyss
  1798 | D:3      | Found a hazy altar of Hepliaklqana.
  1882 | D:4      | Noticed an ogre
  2020 | D:4      | Noticed a phantom
  2038 | D:4      | Noticed a scorpion
  2207 | D:5      | Entered Level 5 of the Dungeon
  2221 | D:5      | Found a staircase to the Ecumenical Temple.
  2239 | D:5      | Noticed Duvessa
  2249 | Temple   | Entered the Ecumenical Temple
  2259 | D:5      | Noticed Dowan
  2322 | D:5      | Noticed Grinder
  2330 | D:5      | Paralysed by Grinder for 2 turns
  2344 | D:5      | Found a runed translucent gate.
  2344 | D:5      | Found a runed translucent gate.
  2344 | D:5      | Found a runed translucent gate.
  2344 | D:5      | Noticed DevastatorOne's ghost (novice MiBe)
  2346 | D:5      | Noticed kelthazard45's ghost (amateur DrCj)
  2519 | D:6      | Found a sparkling altar of Nemelex Xobeh.
  2857 | D:5      | Noticed an ogre
  3031 | D:4      | Noticed an ogre
  3766 | D:2      | Found a shimmering blue altar of Sif Muna.
  4926 | D:1      | Reached * piety under Lugonu
  4979 | D:1      | Reached skill level 1 in Stealth
  4984 | D:1      | Reached skill level 1 in Armour
  5288 | D:2      | Reached XP level 4. HP: 31/31 MP: 5/5
  5364 | D:2      | Learned a level 4 spell: Summon Lightning Spire
  5617 | D:3      | Reached skill level 1 in Spellcasting
  6175 | D:4      | Slain by a centaur zombie

Levels and vault maps discovered:
D:1:      psy_arrival_dodecagon, layout_basic, chequers_jeans,
          minmay_misc_feat_five, supply_closet_lemuel, minmay_misc_feat_rugged,
          serial_bayou_lake_a
D:2:      minmay_alternating_diamond, layout_loops_ring, marbit_many_paths,
          minmay_misc_feat_four_crosses
D:3:      layout_basic, lemuel_round_altar, first_ration
D:4:      layout_gridville
D:5:      layout_cave_pools, minmay_temple_entry_wispy,
          gammafunk_ghost_cemetery, kennysheep_dice, uniq_grinder, uniq_duvessa
D:6:      layout_loops_corners, lemuel_doored_altar
Temple:   regret_index_temple_sphere_string

Skill      XL: |  1  2  3  4 |
---------------+-------------+-----
Fighting       | 3 |  3.3
Stealth        | 1 |  1.7
Armour         | 1 |  1.2
Spellcasting   | 1 |  1.0
Long Blades    | 3 |  3.0
Dodging        | |  2.7
Summonings     | |  0.8
Air Magic      | |  0.5
Invocations    | |  1.9

Action                   |  1- 3 |  4- 6 || total
-------------------------+-------+-------++-------
Melee: Falchion          |    76 |    95 ||   171
       Bite              |    20 |    14 ||    34
       Unarmed           |   149 |       ||   149
Throw: Dart              |     2 |       ||     2
Invok: Depart the Abyss  |     1 |       ||     1
 Abil: Exsanguinate      |     1 |       ||     1
       Bat Form          |     1 |       ||     1
       Revivify          |     1 |       ||     1
  Use: Scroll            |    10 |       ||    10
 Stab: Sleeping          |     4 |       ||     4
       Distracted        |       |     1 ||     1
Armor: Leather armour    |    27 |    34 ||    61
Dodge: Dodged            |   366 |    73 ||   439
       Rpst.: Falchion   |    17 |    24 ||    41
